 Dungeon Crawl Stone Soup version 0.25-a0-424-g80bd347ae0 (console) character file.

Game seed: 11919385072866652475, levelgen mode: deterministic

3280 Asser the Basher (level 9, -14/121 HPs)
             Began as a Minotaur Berserker on Jan 23, 2020.
             Was a Priest of Trog.
             Killed by divine providence
             ... invoked by an orc priest
              (16 damage)
             ... on level 9 of the Dungeon.
             The game lasted 00:43:00 (5704 turns).

Asser the Basher (Minotaur Berserker)               Turns: 5704, Time: 00:43:01

Health: -14/121    AC:  0    Str: 29 (30) XL:     9   Next: 69%
Magic:  9/9        EV:  2    Int:  2 (4)  God:    Trog [***...]
Gold:   305        SH:  0    Dex: -9 (10) Spells: 9/9 levels left

rFire    . . .     SeeInvis .   t - +1 war axe
rCold    . . .     Gourm    .   (no shield)
rNeg     . . .     Faith    .   (no armour)
rPois    .         Spirit   .   (helmet restricted)
rElec    .         Reflect  .   (no cloak)
rCorr    .         Harm     .   (no gloves)
MR       .....                  (no boots)
Stlth    ..........             (no amulet)
HPRegen  0.30/turn              (no ring)
MPRegen  0.11/turn              (no ring)

@: berserking, slowed, lost dexterity
A: retaliatory headbutt, horns 2
a: Berserk, Trog's Hand, Renounce Religion


You were on level 9 of the Dungeon.
You worshipped Trog.
Trog was most pleased with you.
You were not hungry.

You visited 2 branches of the dungeon, and saw 10 of its levels.

You collected 305 gold pieces.

Inventory:

Hand Weapons
 t - a +1 war axe (weapon)
Missiles
 f - 3 boomerangs of dispersal (quivered)
Armour
 h - a +0 chain mail
Wands
 b - a wand of random effects (15)
 d - a wand of disintegration (20)
Scrolls
 a - a scroll of remove curse
 g - a scroll of amnesia
 i - 2 scrolls of magic mapping
 j - a scroll of fear
 k - 3 scrolls of teleportation
 o - 2 scrolls of random uselessness {unknown}
Potions
 l - a potion of flight {unknown}
 p - 4 potions of heal wounds {unknown}
 q - a potion of lignification {unknown}
 r - a potion of brilliance {unknown}
 v - a potion of resistance {unknown}
 w - a potion of might {unknown}
 x - 3 potions of degeneration
Comestibles
 c - 2 rations


   Skills:
 + Level 8.2 Fighting
 + Level 2.0(7.0) Axes
   Level 10.5 Maces & Flails
 + Level 9.3 Armour
 + Level 4.8 Dodging
 - Level 1.1 Stealth
 - Level 0.9 Spellcasting
 + Level 0.1 Evocations


You had 9 spell levels left.
You didn't know any spells.
Your spell library was empty.

Dungeon Overview and Level Annotations

Branches:
Dungeon (9/15)             Temple (1/1) D:6
   Lair: D:8-11         Orc: D:9-12

Altars:
Ashenzari
Cheibriados
Elyvilon
Fedhas
Gozag
Hepliaklqana
Kikubaaqudgha
Makhleb
Nemelex Xobeh
Okawaru
Qazlal
Ru
Sif Muna
Trog
Uskayaw
Vehumet
Wu Jian
Xom
Zin
The Shining One

Shops:
D:6 *


Innate Abilities, Weirdness & Mutations

You reflexively headbutt those who attack you in melee.
You have a pair of horns on your head.


Message History

The orc wizard hits you but does no damage.
The orc hits you with a +0 flail!
* * * LOW HITPOINT WARNING * * *
The orc wizard hits you with a +0 dagger.
* * * LOW HITPOINT WARNING * * *
Okay, then.
You are too berserk!
You are too berserk!
You slash the orc!
You kill the orc!
Trog accepts your kill.
You slice the orc wizard!!
You kill the orc wizard!
Trog accepts your kill.
Trog appreciates your killing of a magic user.
Your base Axes skill increases to level 2!
You barely miss the orc priest. The orc priest barely misses you.
The orc priest mumbles some strange prayers to Beogh against you.
Beogh smites you!
You die...

.................#
......###..####..#
......###..####..#
.................#
.................#
...###+###.......#
...# #..##...#
#### #.......#
#.......#
#.......#
#.....)@#
#.....oo#
#.......#
#....o..#
#.......#
#...o...#
........#
........#
....###.# .... #.#
... ..#


You could see an orc priest, an orc wizard and 2 orcs.

Vanquished Creatures
  4 hippogriffs
  Prince Ribbit (D:6)
  Sigmund (D:2)
  A water moccasin (D:6)
  An eye of draining (D:7)
  2 sky beasts
  2 phantoms
  4 ogres
  2 centaurs (D:6)
  A bullfrog (D:6)
  2 scorpions
  2 quasits
  5 orc wizards
  2 orc priests
  7 hounds
  An iguana (D:9)
  A centaur skeleton (D:7)
  Jessica (D:2)
  6 worker ants
  A hound skeleton (D:5)
  4 gnolls (D:6)
  14 adders
  A shadow imp (D:7)
  An ooze (D:2)
  A worm (D:2)
  5 dart slugs
  5 leopard geckos
  17 orcs
  A ball python (D:3)
  3 giant cockroaches
  4 goblins
  2 hobgoblins
  12 jackals
  2 quokkas
  8 bats
  6 frilled lizards
  3 kobolds
  12 rats
148 creatures vanquished.

Notes
Turn   | Place    | Note
-------+----------+-------------------------------------------
     0 | D:1      | Asser the Minotaur Berserker began the quest for the Orb.
     0 | D:1      | Reached XP level 1. HP: 19/19 MP: 0/0
   211 | D:1      | Reached XP level 2. HP: 15/27 MP: 1/1
   333 | D:1      | Reached skill level 4 in Maces & Flails
   469 | D:2      | Reached XP level 3. HP: 27/34 MP: 2/2
   633 | D:2      | Reached ** piety under Trog
   674 | D:2      | Found an opulent altar of Gozag.
   883 | D:2      | Reached XP level 4. HP: 41/41 MP: 3/3
  1141 | D:3      | Noticed a hippogriff
  1152 | D:3      | Killed a hippogriff
  1152 | D:3      | Reached skill level 5 in Fighting
  1152 | D:3      | Reached skill level 5 in Maces & Flails
  1152 | D:3      | Reached XP level 5. HP: 30/48 MP: 4/4
  1177 | D:3      | Reached skill level 6 in Maces & Flails
  1177 | D:3      | Reached XP level 6. HP: 27/56 MP: 5/5
  1250 | D:2      | Noticed Jessica
  1264 | D:2      | Killed Jessica
  1305 | D:2      | Noticed Sigmund
  1316 | D:2      | Killed Sigmund
  1438 | D:2      | Reached skill level 5 in Armour
  1438 | D:2      | Reached XP level 7. HP: 61/61 MP: 6/6
  1729 | D:3      | Reached *** piety under Trog
  1901 | D:5      | Entered Level 5 of the Dungeon
  1913 | D:4      | Found a shattered altar of Ashenzari.
  1915 | D:4      | Found a radiant altar of Vehumet.
  2244 | D:3      | Reached skill level 7 in Maces & Flails
  2359 | D:4      | Noticed a hippogriff
  2374 | D:4      | Killed a hippogriff
  2374 | D:4      | Reached skill level 8 in Maces & Flails
  2572 | D:5      | Reached XP level 8. HP: 70/70 MP: 7/7
  2650 | D:5      | Found a snail-covered altar of Cheibriados.
  3082 | D:6      | Reached skill level 1 in Stealth
  3099 | D:6      | You fall into a shaft and drop 2 floors!
  3153 | D:8      | Noticed a hippogriff
  3163 | D:8      | Killed a hippogriff
  3163 | D:8      | Reached skill level 9 in Maces & Flails
  3174 | D:7      | Found an ornate altar of the Wu Jian Council.
  3246 | D:7      | Noticed a hippogriff
  3253 | D:7      | Killed a hippogriff
  3348 | D:7      | Reached XP level 9. HP: 79/79 MP: 0/9
  3781 | D:6      | Reached skill level 10 in Maces & Flails
  3803 | D:6      | Found Yrruvv Zepu's Elemental Accessories.
  3820 | D:6      | Noticed Prince Ribbit
  3845 | D:6      | Killed Prince Ribbit
  4118 | D:6      | Found a staircase to the Ecumenical Temple.
  4449 | D:6      | Reached **** piety under Trog
  4662 | D:6      | Found a sacrificial altar of Ru.
  4980 | Temple   | Entered the Ecumenical Temple
  5322 | D:9      | Reached skill level 1 in Axes
  5380 | D:9      | Lost dexterity.
  5649 | D:9      | Lost dexterity.
  5703 | D:9      | HP: 6/121 [orc/+0 flail (8)]
  5703 | D:9      | HP: 2/121 [orc wizard/+0 dagger (4)]
  5704 | D:9      | Killed from afar by an orc priest

Levels and vault maps discovered:
D:1:      ebering_trefoil_3fold, layout_loops_ring
D:2:      layout_basic, first_ration,
          nicolae_gozag_cash_rules_everything_around_me, uniq_sigmund,
          uniq_jessica
D:3:      layout_loops_ring, palyth_stone_intersect
D:4:      layout_loops_cross, kennysheep_mini, grunt_temple_overflow_open,
          kennysheep_cluttered_room
D:5:      layout_rooms, cheibriados_altar_1, minmay_starry_boxes
D:6:      layout_cave_pods, hangedman_ru_absence,
          minmay_temple_entry_statues_fountains, st_stairs_13,
          nicolae_elemental_shop, wad_floor_pattern_2, uniq_prince_ribbit1
D:7:      layout_loops_ring, lemuel_crystal_altar
D:8:      layout_rooms, lemuel_round_altar, hangedman_ranch
          [blue_anna_fruit_fields], uniq_maurice
D:9:      layout_stronghold
Temple:   regret_index_temple_waves

Skill      XL: |  1  2  3  4  5  6  7  8  9 |
---------------+----------------------------+-----
Fighting       | 4 5 6 7 8 |  8.2
Maces & Flails | 4 5 6 8 9 10 | 10.5
Armour         | 3 5 6 7 9 |  9.3
Dodging        | 3 4 |  4.8
Stealth        | 1 |  1.1
Axes           | 2 |  2.0
Spellcasting   | |  0.9
Evocations     | |  0.1

Action                   |  1- 3 |  4- 6 |  7- 9 || total
-------------------------+-------+-------+-------++-------
Melee: Mace              |    53 |    43 |   210 ||   306
       Headbutt          |     7 |     8 |    50 ||    65
       War axe           |       |       |    52 ||    52
Invok: Berserk           |     2 |     2 |    14 ||    18
       Trog's Hand       |       |     2 |     5 ||     7
Evoke: Wand              |       |     1 |       ||     1
  Use: Scroll            |       |       |     9 ||     9
       Potion            |       |       |     1 ||     1
  Eat: Ration            |       |     2 |     8 ||    10
Armor: Animal skin       |     5 |       |       ||     5
       Ring mail         |    15 |    13 |     2 ||    30
       Chain mail        |       |       |   152 ||   152
Dodge: Dodged            |    41 |    35 |   179 ||   255

Table legend:
 A = Non-vault XP
 B = Vault XP
 C = Vault XP percentage of total XP
 D = Non-vault monster count
 E = Vault monster count
 F = Vault count percentage of total count
                 A         B        C        D         E       F
            +---------+---------+-------+---------+---------+-------
      Total |    4123 |     563 |  12.0 |     141 |       7 |   4.7
            +---------+---------+-------+---------+---------+-------
        D:1 |      25 |       0 |   0.0 |      13 |       0 |   0.0
        D:2 |     170 |     260 |  60.5 |      25 |       2 |   7.4
        D:3 |     370 |       0 |   0.0 |      30 |       0 |   0.0
        D:4 |     567 |       0 |   0.0 |      13 |       0 |   0.0
        D:5 |     462 |      41 |   8.2 |      16 |       3 |  15.8
        D:6 |    1276 |     262 |  17.0 |      21 |       2 |   8.7
        D:7 |     604 |       0 |   0.0 |      10 |       0 |   0.0
        D:8 |     289 |       0 |   0.0 |       3 |       0 |   0.0
        D:9 |     360 |       0 |   0.0 |      10 |       0 |   0.0
            +---------+---------+-------+---------+---------+-------
